 Dungeon Crawl Stone Soup version 0.30-a0-123-g91d0c66ccf (webtiles) character file.

Game seed: 10270258630672658200

334 jlumianski the Chopper (level 6, -7/36 HPs)
             Began as a Gargoyle Gladiator on Sept 18, 2022.
             Killed by divine providence
             ... invoked by an orc priest
              (13 damage)
             ... on level 4 of the Dungeon.
             The game lasted 00:12:23 (3705 turns).

jlumianski the Chopper (Gargoyle Gladiator)         Turns: 3705, Time: 00:12:24

Health: -7/36      AC: 17    Str: 21    XL:     6   Next: 53%
Magic:  6/6        EV:  8    Int:  9    God:
Gold:   189        SH:  8    Dex: 11    Spells: 5/5 levels left

rFire   . . .      SeeInvis +    a - +0 war axe
rCold   . . .      Faith    .    l - +5 buckler "Bachulit" {Str+2}
rNeg    + . .      Spirit   .    w - +1 chain mail {rPois}
rPois   ∞          Reflect  .    c - +0 helmet
rElec   +          Harm     .    g - +0 cloak
rCorr   .          Rampage  .    (no gloves)
Will    .....                    j - +0 pair of boots
Stlth   ..........               (no amulet)
HPRegen 0.12/turn                t - ring of see invisible
MPRegen 0.10/turn                (no ring)

@: invisible
A: sickness immunity, AC +4, negative energy resistance 1, electricity
resistance, torment resistance 1, petrification resistance
a: no special abilities


You were on level 4 of the Dungeon.
You visited 1 branch of the dungeon, and saw 6 of its levels.

You collected 189 gold pieces.

Inventory:

Hand Weapons
 a - a +0 war axe (weapon)
Missiles
 d - 2 throwing nets (quivered)
 v - 2 boomerangs
Armour
 b - a +0 leather armour
 c - a +0 helmet (worn)
 g - a +0 cloak (worn)
 j - a +0 pair of boots (worn)
 l - the +5 buckler "Bachulit" (worn) {Str+2}
   (You found it on level 2 of the Dungeon)

   Str:       It affects your strength (+2).
 m - the +1 robe "Heigrun" {rPois Stlth+}
   (You found it on level 2 of the Dungeon)

   rPois:     It protects you from poison.
   Stlth:     It makes you more stealthy.
 p - a +0 ring mail
 w - a +1 chain mail of poison resistance (worn)
Jewellery
 t - a ring of see invisible (left hand)
Wands
 q - a wand of flame (15)
Scrolls
 h - 2 scrolls of fear
 i - a scroll of immolation
 u - a scroll of poison
Potions
 f - a potion of brilliance
 k - 2 potions of degeneration
 n - a potion of heal wounds
 r - a potion of might {unknown}


   Skills:
 + Level 2.9 Fighting
 + Level 4.6 Axes
 + Level 1.8 Throwing
 + Level 2.1 Armour
 + Level 3.2 Dodging
 + Level 0.2 Stealth
 + Level 1.0 Shields
 * Level 1.9 Evocations


You had 5 spell levels left.
You didn't know any spells.
Your spell library contained the following spells:

 Spells                   Type           Power      Damage    Failure   Level
 Slow                     Hex            0%         N/A       99%         1
 Call Canine Familiar     Summ           0%         N/A       100%        3
 Confusing Touch          Hex            0%         N/A       100%        3
 Portal Projectile        Hex/Tloc       0%         N/A       100%        3
 Vampiric Draining        Necr           0%         2d6       100%        3
 Leda's Liquefaction      Hex/Erth       0%         N/A       100%        4


Dungeon Overview and Level Annotations

Branches:
Dungeon (6/15)
 Temple: D:4-7

Altars:


Innate Abilities, Weirdness & Mutations

You are immune to sickness and miasma.
Your stone body is resilient. (AC +4)
You are immune to poison.
You resist negative energy. (rN+)
You are resistant to electric shocks. (rElec)
You are resistant to unholy torment.
You are immune to petrification.


Message History

The orc wizard hits you with a +0 dagger of speed.
The orc wizard barely misses you. The orc wizard casts a spell at you.
You are more confused.
You're too confused to move!
You slash the orc wizard!
You kill the orc wizard!
The orc priest mumbles some strange prayers to Beogh against you.
Beogh smites you!
Unknown command.
You closely miss the orc. The orc hits you with a +0 flail!
The orc hits you with a +0 flail.
* * * LOW HITPOINT WARNING * * *
You are too confused!
It was a potion of invisibility.
You fade into invisibility!
The orc barely misses you. The orc barely misses you.
The orc barely misses you.
You feel less confused. You block the orc's attack.
Aiming: Throw Flame
Press: ? - help, Shift-Dir - straight line, f - orc
Aim: an orc, wielding a +0 flail (unable to see you, 71% to hit)
The puff of flame misses the orc.
The puff of flame hits the orc priest.
The orc priest is moderately wounded.
Unknown command.
You closely miss the orc. The orc closely misses you.
You barely miss the orc. You block the orc's attack.
You completely miss the orc. You block the orc's attack.
You catch the helpless orc completely off-guard!
You hit the orc.
The orc is lightly wounded.
The orc hits you with a +0 flail.
* * * LOW HITPOINT WARNING * * *
The orc priest casts a cantrip, but nothing happens.
You block the orc's attack.
The orc priest mumbles some strange prayers to Beogh against you.
Beogh smites you!
You die...

#)# # ###)########
..#####...).......
.........####.####
######..# #.#
..######..# #.#
#..........# #.#
#.########.# #.#
#..@oo.....# #.#
##########.# #.#
#.# #o####.####
#..(oo.?.(.
######..... ###


You could see an orc priest (unable to see you) and an orc (unable to see you).

Vanquished Creatures
  2 orc priests (D:4)
  A hound (D:4)
  An iguana (D:4)
  An orc wizard (D:4)
  Natasha (thrice) (D:3)
  4 adders
  An ufetubus (D:5)
  A dart slug (D:3)
  12 orcs
  5 bats
  6 endoplasms
  A giant cockroach (D:4)
  8 goblins
  5 hobgoblins
  2 kobolds (D:2)
  3 quokkas
  7 ball pythons
  2 frilled lizards
  3 rats
68 creatures vanquished.

Vanquished Creatures (others)
  A fungus (D:2)
  3 plants (D:2)
4 creatures vanquished.

Grand Total: 72 creatures vanquished

Notes
Turn   | Place    | Note
-------+----------+-------------------------------------------
     0 | D:1      | jlumianski the Gargoyle Gladiator began the quest for the
                  | Orb.
     0 | D:1      | Reached XP level 1. HP: 12/12 MP: 1/1
   281 | D:1      | Reached XP level 2. HP: 16/18 MP: 2/2
   921 | D:2      | Reached skill level 3 in Axes
   921 | D:2      | Reached XP level 3. HP: 16/22 MP: 3/3
  1116 | D:5      | Entered Level 5 of the Dungeon
  1233 | D:4      | Reached skill level 1 in Armour
  1431 | D:2      | Reached XP level 4. HP: 27/27 MP: 4/4
  1445 | D:2      | Identified the +1 robe "Heigrun" {rPois Stlth+}
  1478 | D:2      | Found a faded altar of an unknown god.
  1712 | D:2      | Identified the +5 buckler "Bachulit" {Str+2}
  2199 | D:4      | Reached skill level 4 in Axes
  2199 | D:4      | Reached XP level 5. HP: 21/31 MP: 5/5
  2405 | D:3      | Noticed Natasha
  2416 | D:3      | Killed Natasha
  2544 | D:3      | Noticed Natasha
  2557 | D:3      | Killed Natasha
  2570 | D:3      | Noticed Natasha
  2744 | D:3      | Killed Natasha
  3366 | D:4      | Reached skill level 1 in Evocations
  3366 | D:4      | Reached XP level 6. HP: 33/36 MP: 6/6
  3452 | D:4      | Reached skill level 1 in Shields
  3705 | D:4      | Killed from afar by an orc priest

Illustrated notes

Levels and vault maps discovered:
D:1:      zaba_arrival_water, layout_basic
D:2:      minmay_general_purpose_star, layout_basic,
          shapermc_ecumenical_altar_acropolis, kennysheep_generic_room_4
D:3:      layout_basic, uniq_natasha
D:4:      layout_loops_ring, led_sif_pool, serial_shops, shop, uniq_menkaure,
          uniq_robin
D:5:      layout_rooms
D:6:      layout_loops_ring, minmay_temple_entry_statues

Skill      XL: |  1  2  3  4  5  6 |
---------------+-------------------+-----
Axes           | 3 4 |  4.6
Armour         | 1 2 |  2.1
Dodging        | 3 |  3.2
Evocations     | 1 |  1.9
Shields        | 1 |  1.0
Fighting       | |  2.9
Throwing       | |  1.8
Stealth        | |  0.2

Action                   |  1- 3 |  4- 6 || total
-------------------------+-------+-------++-------
Melee: War axe           |    87 |   129 ||   216
       Punch             |     2 |       ||     2
Throw: Javelin           |       |     1 ||     1
       Throwing net      |       |     1 ||     1
       Boomerang         |       |     1 ||     1
Evoke: Wand              |       |     1 ||     1
  Use: Scroll            |     7 |     1 ||     8
       Potion            |       |     4 ||     4
 Stab: Invisible         |       |     1 ||     1
       Held in net/web   |       |     1 ||     1
Armor: Leather armour    |    62 |    26 ||    88
       Ring mail         |       |    24 ||    24
       Chain mail        |       |     7 ||     7
Dodge: Dodged            |    88 |    55 ||   143
Block: Buckler           |       |    40 ||    40

Table legend: (Time is in decaauts)
 A = Elapsed time spent in this place.
 B = Non-inter-level travel time spent in this place.
 C = Inter-level travel time spent in this place.
 D = Time resting spent in this place.
 E = Time spent auto-exploring this place.
 F = Levels seen in this place.
 G = Mean time per level.
                   A        B        C        D        E       F      G
               +--------+--------+--------+--------+--------+-----+--------+
         Total |   3808 |   3700 |    108 |    416 |   1896 |   6 |  634.7 |
       Dungeon |   3808 |   3700 |    108 |    416 |   1896 |   6 |  634.7 |
               +--------+--------+--------+--------+--------+-----+--------+

Top non-repeatable levels by time:
     D:3: 1242 daAuts
     D:2: 1115 daAuts
     D:4: 708 daAuts
     D:1: 598 daAuts
     D:5: 141 daAuts
     D:6: 1 daAuts
